 Dungeon Crawl Stone Soup version 0.29-a0-194-g6e3aafee17 (webtiles) character file.

Game seed: 1749306330766146534

63037 Zeldest the Vine Stalker Aeon (level 15, -15/84 HPs)
             Began as a Vine Stalker Venom Mage on Feb 22, 2022.
             Was the Champion of Cheibriados.
             Demolished by a merfolk impaler
             ... wielding a +6 trident of venom
              (18 damage)
             ... on level 3 of the Shoals.
             The game lasted 01:20:31 (8852 turns).

Zeldest the Vine Stalker Aeon (VSVM)                Turns: 8852, Time: 01:20:32

Health: -15/84     AC: 10    Str: 26    XL:     15   Next: 8%
Magic:  0/26       EV: 13    Int: 36    God:    Cheibriados [******]
Gold:   940        SH:  0    Dex: 31    Spells: 10/25 levels left

rFire   . . .      SeeInvis .   e - +7 pair of quick blades "Gyre" and "Gimble" {protect}
rCold   . . .      Faith    .   (shield currently unavailable)
rNeg    . . .      Spirit   +   m - +0 steam dragon scales
rPois   .          Reflect  .   (no helmet)
rElec   .          Harm     .   j - +0 cloak
rCorr   .          Rampage  .   G - +1 pair of gloves
Will    +....                   c - +1 pair of boots
Stlth   +++.......              R - amulet of regeneration
HPRegen 1.84/turn               r - +4 ring of slaying
MPRegen 0.20/turn               n - ring of wizardry

@: lethally poisoned (-15 -> -15), radiating poison, studying Staves, very slow
A: fangs 3, regeneration 1, magic shield, antimagic bite, no potion heal 2
a: Renounce Religion, Bend Time, Temporal Distortion, Slouch, Step From Time


You were on level 3 of the Shoals.
You worshipped Cheibriados.
Cheibriados was exalted by your worship.
You visited 3 branches of the dungeon, and saw 20 of its levels.
You also visited: Ossuary.

You collected 1065 gold pieces.
You spent 125 gold pieces at shops.

Inventory:

Hand Weapons
 e - the +7 pair of quick blades "Gyre" and "Gimble" (weapon) {protect}
   (You found it on level 10 of the Dungeon)

   It grants its wielder temporary protection when it strikes (+7 to AC).
 u - a +5 trident
 E - a +4 vorpal spear
Missiles
 s - 2 curare-tipped darts
Armour
 c - a +1 pair of boots (worn)
 j - a +0 cloak (worn)
 m - +0 steam dragon scales (worn)
 p - a +0 kite shield
 G - a +1 pair of gloves (worn)
 J - a +2 buckler
 K - a +1 ring mail of fire resistance
Magical Staves
 z - a staff of air
Jewellery
 n - a ring of wizardry (right hand)
 r - a +4 ring of slaying (left hand)
 x - an amulet of faith
 P - a ring of see invisible
 Q - a +4 ring of evasion
 R - an amulet of regeneration (around neck)
Wands
 k - a wand of flame (10)
 l - a wand of paralysis (10)
 F - a wand of polymorph (9)
 H - a wand of acid (7)
Scrolls
 b - 2 scrolls of holy word
 g - 10 scrolls of teleportation
 h - 3 scrolls of vulnerability
 i - 3 scrolls of enchant armour
 q - 3 scrolls of immolation
 t - a scroll of noise
 v - 5 scrolls of enchant weapon
 y - 3 scrolls of amnesia
 C - a scroll of silence
 O - 2 scrolls of magic mapping
Potions
 a - a potion of flight {unknown}
 d - a potion of curing
 f - 3 potions of mutation
 w - 3 potions of ambrosia
 A - a potion of attraction
 B - 3 potions of brilliance
 D - a potion of lignification
 I - a potion of might
 M - a potion of resistance {unknown}
 N - a potion of cancellation {unknown}


   Skills:
 + Level 12.3 Fighting
 - Level 8.0 Short Blades
 - Level 9.3 Staves
 - Level 1.5 Dodging
 - Level 2.4 Stealth
 - Level 4.4 Shields
 - Level 5.8 Spellcasting
 + Level 4.7 Conjurations
 + Level 4.6 Summonings
 - Level 3.3 Translocations
 - Level 4.6 Transmutations
 - Level 2.9 Air Magic
 - Level 8.0 Poison Magic
 + Level 13.3 Invocations
 - Level 4.2 Evocations


You had 10 spell levels left.
You knew the following spells:

 Your Spells              Type           Power      Damage    Failure   Level
a - Sting                 Tmut/Pois      100%       1d8       1%          1
b - Poisonous Vapours     Pois/Air       98%        N/A       1%          2
c - Mephitic Cloud        Conj/Pois/Air  48%        N/A       1%          3
d - Olgreb's Toxic Radia  Pois           62%        N/A       1%          4
e - Blink                 Tloc           70%        N/A       1%          2
f - Lesser Beckoning      Tloc           35%        N/A       1%          3

Your spell library contained the following spells:

 Spells                   Type           Power      Damage    Failure   Level
 Beastly Appendage        Tmut           88%        N/A       1%          1
 Magic Dart               Conj           100%       1d8       1%          1
 Call Imp                 Summ           43%        N/A       1%          2
 Corpse Rot               Necr/Air       42%        N/A       1%          2
 Wereblood                Tmut           44%        N/A       1%          2
 Spider Form              Tmut/Pois      54%        N/A       1%          3
 Summon Guardian Golem    Hex/Summ       27%        N/A       1%          3
 Ensorcelled Hibernation  Hex/Ice        20%        N/A       2%          2
 Frozen Ramparts          Ice            20%        1d4       4%          3
 Ice Form                 Ice/Tmut       27%        N/A       6%          4
 Summon Ice Beast         Ice/Summ       27%        N/A       6%          4
 Iskenderun's Battlesphe  Conj           44%        2d10      6%          5
 Manifold Assault         Tloc           35%        N/A       10%         5
 Anguish                  Hex/Necr       5%         N/A       14%         4
 Iron Shot                Conj/Erth      13%        9d3       61%         6
 Orb of Destruction       Conj           22%        9d8       83%         7
 Spellforged Servitor     Conj/Summ      22%        N/A       85%         7


Dungeon Overview and Level Annotations

Branches:
Dungeon (11/15)              Lair (6/6) D:9          Shoals (3/4) Lair:3
  Snake (0/4) Lair:2      Ossuary (visited)
 Temple: D:4-7        Slime: Lair:5-6       Orc: D:9-12

Altars:
Cheibriados
Dithmenos
Fedhas
Makhleb
Qazlal
Sif Muna
Trog

Shops:
D:2 =   D:5 ?

Portals:
Hell: Lair:6

Annotations:
D:4 1 runed translucent door, SirDiesAlot's ghost, amateur DEIE
D:10 2 runed translucent doors, DrKleor's ghost, novice DsFi
Lair:4 1 runed translucent door
Lair:5 exclusion: 2 oklob plants


Innate Abilities, Weirdness & Mutations

You have razor-sharp teeth.
Your natural rate of healing is unusually fast.
When hurt, damage is shared between your health and your magic reserves.
Your bite disrupts and absorbs the magic of your enemies.
Potions cannot restore your health.


Message History

Casting: Olgreb's Toxic Radiance (mildly dangerous; 1% risk of failure)
Confirm with . or Enter, or press ? or * to list all spells.
Your toxic radiance grows in intensity.
The merfolk impaler looks as sick as possible!
The merfolk impaler looks even sicker. x2
The merfolk impaler looks as sick as possible!
The merfolk javelineer looks even sicker. x2
You feel sick.
The merfolk impaler hits you from afar with a +0 trident! x2
The merfolk impaler closely misses you.
The merfolk javelineer throws a javelin.
The javelin pierces through you!
As you close the door, it creaks loudly!
You feel sick.
You hear an angry hiss.
A merfolk impaler opens the door.
The merfolk impaler misses you.
The merfolk javelineer hits you but does no damage.
The merfolk impaler closely misses you.
You close the door.
You feel sick.
A merfolk impaler breaks down the door.
The merfolk javelineer throws a javelin.
The javelin pierces through you!
You warp the flow of time around you!
As you read the scroll of fear, it crumbles to dust.
You assume a fearsome visage.
The merfolk impaler looks frightened! x3
The merfolk javelineer easily resists.
The merfolk javelineer looks frightened!
Your attack snaps the merfolk impaler out of its fear. x2
The merfolk impaler looks as sick as possible!
Your attack snaps the merfolk impaler out of its fear.
Your attack snaps the merfolk javelineer out of its fear.
You feel sick.
The merfolk impaler hits you from afar with a +6 trident of venom.
The merfolk impaler hits you from afar with a +3 vampiric trident!
* * * LOW HITPOINT WARNING * * *
The merfolk impaler draws strength from your wounds!
The merfolk javelineer throws a javelin.
The javelin pierces through you!!
* * * LOW HITPOINT WARNING * * *
The merfolk impaler hits you from afar with a +6 trident of venom!!
You die...

≈≈≈≈≈≈≈≈≈≈≈≈≈≈≈≈≈≈
≈≈≈≈≈≈≈≈≈≈≈≈≈≈≈≈≈≈≈≈
≈≈≈≈≈≈≈≈≈≈≈≈≈≈≈≈≈≈≈≈
≈≈≈≈≈≈≈≈≈≈≈≈≈≈≈≈≈≈≈≈
≈≈≈≈≈m≈≈≈≈≈≈≈≈≈≈≈≈≈≈
≈≈≈≈≈≈≈≈≈≈...≈≈≈≈≈≈≈
≈≈≈≈≈≈...≈≈....≈≈≈≈≈
.≈≈≈≈m...≈≈.)...≈≈≈≈
...≈≈≈.@.≈≈≈.....≈≈≈
...≈≈##'##≈≈<....≈≈≈
...≈ ≈mm##≈...≈≈≈≈≈
... ≈≈≈≈≈#≈.≈≈≈≈≈≈≈
#m≈≈≈≈#≈≈≈≈≈≈≈≈≈
#≈≈≈≈≈#≈≈≈≈≈≈≈≈≈
##≈≈≈##≈≈≈≈≈≈≈≈≈
#####≈≈≈≈≈≈≈≈≈≈
≈≈≈≈≈≈≈≈≈≈


You could see 3 merfolk impalers and 2 merfolk javelineers.

Vanquished Creatures
  A frost giant (Shoals:2)
  The ghost of Usoal Hoge the Fighter, a journeyman DjIE of Nemelex Xobeh (Lair:5)
  The ghost of ooooo the Covert, a journeyman OpCj of Gozag (Lair:6)
  A dire elephant (Lair:6)
  2 merfolk impalers (Shoals:1)
  6 hydras
  A merfolk avatar (Shoals:2)
  2 catoblepae
  A satyr (Shoals:2)
  2 two-headed ogres (D:10)
  A merfolk aquamancer (Shoals:2)
  Nergalle (Lair:4)
  A sixfirhy (Lair:6)
  4 sea snakes
  A lindwurm (Lair:6)
  A wizard (Lair:6)
  3 harpies (Shoals:2)
  3 cyclopes
  10 fauns
  3 manticores (Shoals:1)
  5 merfolk sirens
  13 elephants (Lair:6)
  A torpor snail (Lair:6)
  4 black mambas
  2 orange demons (Lair:6)
  A water nymph (Shoals:1)
  10 cane toads
  2 gargoyles
  Psyche (D:8)
  7 rime drakes
  6 komodo dragons
  3 ice devils (Lair:6)
  A hellwing (Lair:6)
  A queen bee (Lair:6)
  8 merfolk
  A wind drake (Shoals:2)
  A meliai (Lair:6)
  3 polar bears
  2 hornets (Lair:6)
  4 blink frogs (Lair:6)
  4 dream sheep
  6 snapping turtles
  3 water elementals
  8 spriggans
  6 humans (D:6)
  38 yaks
  7 wyverns
  3 steam dragons
  3 basilisks
  6 vampire mosquitoes
  2 nagas (Lair:2)
  5 hell hounds (Lair:6)
  11 water moccasins
  A sky beast (D:8)
  2 black bears
  An ogre (D:6)
  13 wolves
  5 centaurs
  3 kobold brigands
  14 bullfrogs
  2 water moccasin zombies
  A scorpion (Lair:2)
  A water moccasin skeleton (D:5)
  5 wights (D:7)
  18 killer bees
  3 howler monkeys
  4 bullfrog zombies (Ossuary)
  4 centaur zombies
  A bullfrog skeleton (D:6)
  A jelly (D:5)
  2 orc priests
  A centaur skeleton (D:5)
  An iguana (D:6)
  2 orc wizards
  Ijyb (D:4)
  A scorpion zombie (D:5)
  3 killer bee zombies
  15 mummies (Ossuary)
  2 howler monkey zombies
  10 adders
  A white imp (D:6)
  A dart slug (D:3)
  18 orcs
  3 endoplasms
  3 giant cockroaches
  5 hobgoblins
  3 ball pythons
  3 bats
  7 goblins
  38 kobolds
  2 rats
  2 plants (Lair:4)
427 creatures vanquished.

Vanquished Creatures (others)
  63 fungi
  134 plants
  10 withered plants (Ossuary)
207 creatures vanquished.

Grand Total: 634 creatures vanquished

Notes
Turn   | Place    | Note
-------+----------+-------------------------------------------
     0 | D:1      | Zeldest the Vine Stalker Venom Mage began the quest for the
                  | Orb.
     0 | D:1      | Reached XP level 1. HP: 9/9 MP: 4/4
    23 | D:2      | Reached XP level 2. HP: 8/14 MP: 4/6
    30 | D:2      | Learned a level 2 spell: Poisonous Vapours
   121 | D:2      | Reached skill level 1 in Fighting
   245 | D:2      | Reached XP level 3. HP: 17/18 MP: 7/7
   256 | D:2      | Reached skill level 1 in Air Magic
   368 | D:2      | Found Emiwkoeseu's Jewellery Shoppe.
   544 | D:3      | Gained mutation: Your natural rate of healing is unusually
                  | fast. [Vine Stalker growth]
   544 | D:3      | Reached XP level 4. HP: 22/22 MP: 6/8
   754 | D:3      | Learned a level 3 spell: Mephitic Cloud
   797 | D:4      | Noticed SirDiesAlot's ghost (amateur DEIE)
   801 | D:4      | Found a runed translucent door.
   938 | D:4      | Identified the +0 ring mail of Eternal Vigilance {rElec rF-
                  | Dex+3}
  1072 | D:4      | Reached XP level 5. HP: 25/26 MP: 4/9
  1084 | D:4      | Found a snail-covered altar of Cheibriados.
  1087 | D:4      | Found a stormy altar of Qazlal.
  1176 | D:5      | Entered Level 5 of the Dungeon
  1387 | D:5      | Found Idyczaig's Magic Scroll Emporium.
  1395 | D:5      | Bought a scroll of blinking for 75 gold pieces
  1395 | D:5      | Bought a scroll of teleportation for 30 gold pieces
  1395 | D:5      | Bought a scroll of identify for 20 gold pieces
  1434 | D:5      | Reached XP level 6. HP: 28/31 MP: 7/10
  1553 | D:4      | Found a shimmering blue altar of Sif Muna.
  1581 | D:4      | Noticed Ijyb
  1588 | D:4      | Paralysed by Ijyb for 3 turns
  1593 | D:4      | Killed Ijyb
  1668 | D:4      | Found a blossoming altar of Fedhas.
  1668 | D:4      | Found a bloodstained altar of Trog.
  1672 | D:4      | Became a worshipper of Cheibriados the Contemplative
  1835 | D:5      | Reached XP level 7. HP: 32/35 MP: 11/11
  1931 | D:6      | Reached skill level 1 in Invocations
  2070 | D:6      | Reached * piety under Cheibriados
  2207 | D:6      | Reached skill level 5 in Poison Magic
  2207 | D:6      | Found a shadowy altar of Dithmenos.
  2261 | D:6      | Reached skill level 2 in Invocations
  2364 | D:6      | Noticed a human
  2364 | D:6      | Noticed a human
  2390 | D:6      | Killed a human
  2391 | D:6      | Gained mutation: You have razor-sharp teeth. [Vine Stalker
                  | growth]
  2391 | D:6      | Reached XP level 8. HP: 29/42 MP: 1/13
  2439 | D:6      | Reached skill level 3 in Invocations
  2563 | D:6      | Reached skill level 4 in Invocations
  2563 | D:6      | Reached XP level 9. HP: 26/46 MP: 4/16
  2593 | D:6      | Learned a level 4 spell: Olgreb's Toxic Radiance
  2596 | D:6      | Learned a level 2 spell: Blink
  2709 | D:7      | Reached skill level 5 in Fighting
  2915 | D:7      | Found a sand-covered staircase.
  2920 | Ossuary  | Entered an ossuary
  2931 | Ossuary  | Reached skill level 1 in Translocations
  3057 | Ossuary  | Reached ** piety under Cheibriados
  3261 | D:7      | Reached skill level 5 in Invocations
  3598 | D:8      | Noticed a gargoyle
  3614 | D:8      | Killed a gargoyle
  3615 | D:8      | Reached skill level 1 in Staves
  3615 | D:8      | Reached skill level 1 in Evocations
  3615 | D:8      | Reached XP level 10. HP: 26/53 MP: 6/17
  3785 | D:8      | Noticed Psyche
  3792 | D:8      | Killed Psyche
  3793 | D:8      | Reached skill level 6 in Invocations
  3941 | D:9      | Reached *** piety under Cheibriados
  4054 | D:9      | Found a staircase to the Lair.
  4192 | D:10     | Entered Level 10 of the Dungeon
  4281 | D:10     | Found a runed translucent door.
  4282 | D:10     | Noticed a skeletal warrior
  4337 | D:10     | Found a runed translucent door.
  4338 | D:10     | Noticed a centaur warrior
  4338 | D:10     | Noticed a skeletal warrior
  4339 | D:10     | Noticed a boulder beetle
  4340 | D:10     | Noticed a necromancer
  4340 | D:10     | Noticed a lich
  4340 | D:10     | Noticed DrKleor's ghost (novice DsFi)
  4341 | D:10     | Noticed a skeletal warrior
  4342 | D:10     | Found the +3 crown of Dyrovepreva {rElec Int+2 SInv}
  4391 | D:10     | Reached skill level 1 in Shields
  4427 | D:10     | Noticed a gargoyle
  4431 | D:10     | Killed a gargoyle
  4452 | D:10     | Reached **** piety under Cheibriados
  4453 | D:10     | Reached skill level 5 in Staves
  4455 | D:10     | Reached skill level 7 in Invocations
  4458 | D:10     | Reached XP level 11. HP: 58/58 MP: 10/18
  4755 | D:10     | Noticed a two-headed ogre
  4755 | D:10     | Noticed a two-headed ogre
  4764 | D:10     | Killed a two-headed ogre
  4770 | D:10     | Killed a two-headed ogre
  4785 | D:10     | Found the +7 pair of quick blades "Gyre" and "Gimble"
                  | {protect}
  4849 | D:10     | Reached skill level 1 in Short Blades
  4935 | D:11     | Noticed a manticore
  4935 | D:11     | Noticed a five-headed hydra
  5023 | Lair:1   | Entered Level 1 of the Lair of Beasts
  5044 | Lair:1   | Reached skill level 8 in Invocations
  5135 | Lair:1   | Reached ***** piety under Cheibriados
  5264 | Lair:2   | Noticed a seven-headed hydra
  5379 | Lair:2   | Killed a seven-headed hydra
  5380 | Lair:2   | Reached XP level 12. HP: 65/65 MP: 19/19
  5410 | Lair:2   | Found a staircase to the Snake Pit.
  5629 | Lair:3   | Reached skill level 9 in Invocations
  5635 | Lair:3   | Found a staircase to the Shoals.
  5780 | Lair:2   | Noticed a seven-headed hydra
  5788 | Lair:2   | Killed a seven-headed hydra
  5793 | Lair:2   | Noticed a four-headed hydra
  5801 | Lair:2   | Killed a four-headed hydra
  6023 | Lair:3   | Reached skill level 5 in Short Blades
  6209 | Lair:4   | Noticed a five-headed hydra
  6210 | Lair:4   | Noticed a catoblepas
  6215 | Lair:4   | Killed a five-headed hydra
  6224 | Lair:4   | Killed a catoblepas
  6225 | Lair:4   | Reached skill level 10 in Invocations
  6234 | Lair:4   | Found a runed translucent door.
  6289 | Lair:4   | Noticed an eight-headed hydra
  6301 | Lair:4   | Killed an eight-headed hydra
  6302 | Lair:4   | Reached skill level 10 in Fighting
  6315 | Lair:4   | Reached XP level 13. HP: 57/72 MP: 8/21
  6316 | Lair:4   | Noticed Nergalle
  6325 | Lair:4   | Killed Nergalle
  6556 | Lair:5   | Reached ****** piety under Cheibriados
  6688 | Lair:5   | Identified the +0 ring mail of Serendipity {Str+4}
  6814 | Lair:5   | Found a large runed translucent door.
  6815 | Lair:5   | Found a large runed translucent door.
  6817 | Lair:5   | Noticed Usoal Hoge's ghost (journeyman DjIE)
  6837 | Lair:5   | Killed Usoal Hoge's ghost
  6941 | Lair:6   | Entered Level 6 of the Lair of Beasts
  6961 | Lair:6   | Reached skill level 11 in Invocations
  7091 | Lair:6   | Noticed ooooo's ghost (journeyman OpCj)
  7106 | Lair:6   | Found a transporter.
  7106 | Lair:6   | Found a transporter.
  7160 | Lair:6   | Noticed a dire elephant
  7211 | Lair:6   | Killed a dire elephant
  7347 | Lair:6   | Reached skill level 12 in Invocations
  7358 | Lair:6   | Reached XP level 14. HP: 50/79 MP: 10/24
  7394 | Lair:6   | Found a burning altar of Makhleb.
  7448 | Lair:6   | Found a gateway to Hell.
  7597 | Lair:6   | Killed ooooo's ghost
  7874 | Shoals:1 | Entered Level 1 of the Shoals
  7962 | Shoals:1 | Reached skill level 1 in Conjurations
  7969 | Shoals:1 | Learned a level 3 spell: Lesser Beckoning
  7979 | Shoals:2 | Noticed a frost giant
  7996 | Shoals:1 | Reached skill level 1 in Summonings
  8095 | Shoals:1 | Reached skill level 5 in Spellcasting
  8307 | Shoals:2 | Reached skill level 13 in Invocations
  8764 | Shoals:2 | Reached XP level 15. HP: 51/84 MP: 25/25
  8812 | Shoals:2 | Killed a frost giant
  8852 | Shoals:3 | HP: 3/84 [merfolk javelineer/javelin (18)]
  8852 | Shoals:3 | Demolished by a merfolk impaler

Illustrated notes

Levels and vault maps discovered:
D:1:      tarquinn_simple_flora_water_b, layout_basic
D:2:      layout_basic, serial_shops, nicolae_shop_crystal,
          basic_ecumenical_altar
D:3:      layout_basic, grunt_ministairs_15
D:4:      layout_basic, nicolae_overflow_hidden_temple,
          lemuel_mausoleum_altar_yredelemnul, kennysheep_orc_sif_temple,
          hellmonk_ghost_happy_afterlife, uniq_ijyb, uniq_duvessa
D:5:      layout_basic, temple_green, serial_shops, shop_fountains
D:6:      kennysheep_kobold_camp, layout_basic, mainiacjoe_overflow_brackets,
          minmay_ruffians
D:7:      layout_basic, doesnt_xom_only_xom, enter_ossuary_2, bh_walls_and_bars
D:8:      layout_basic, minmay_manual_mares, uniq_psyche
D:9:      layout_roguey, lair_entry_dummy, orc_0_dummy
D:10:     layout_irregular_city, muffindrake_ghost_dual_entry, serial_rivers,
          chequers_serial_rivers_large_a, chequers_serial_rivers_small_3,
          chequers_serial_rivers_large_b, chequers_serial_rivers_micro_d,
          chequers_serial_rivers_micro_a, chequers_serial_rivers_room_b,
          hellmonk_guarded_unrand_gyre_and_gimble
D:11:     layout_cave_pools
Lair:1:   kb_forest_paths, layout_regular_city
Lair:2:   layout_long_grid, minmay_snake_entry_guardpost_small,
          serial_bayou_shore_b, infiniplex_staircase_pool_2
Lair:3:   layout_concentric_octagons, elwin_shoals_entry_rooms,
          lemuel_fruit_tree
Lair:4:   gammafunk_indiana_jones, layout_cave_pods, grunt_megastairs_2,
          uniq_nergalle
Lair:5:   layout_long_grid, minmay_slime_entry_oklob_open,
          ebering_ghost_disaster_area, grunt_megastairs_5, lemuel_fruit_fields
Lair:6:   evil_forest, layout_misc_corridors, gammafunk_ghost_hive
Shoals:1: layout_shoals
Shoals:2: layout_shoals, st_cyclops
Shoals:3: layout_shoals, nicolae_shoals_mertower

Skill      XL: |  1  2  3  4  5  6  7  8  9 10 11 12 13 14 |
---------------+-------------------------------------------+-----
Fighting       | 1 2 3 4 6 7 8 10 11 12 | 12.3
Air Magic      | 1 2 |  2.9
Transmutations | 2 3 4 |  4.6
Poison Magic   | 4 5 6 7 8 |  8.0
Invocations    | 2 4 5 7 8 10 12 13 | 13.3
Spellcasting   | 4 5 |  5.8
Translocations | 3 |  3.3
Staves         | 1 5 6 8 9 |  9.3
Evocations     | 1 2 3 4 |  4.2
Shields        | 2 4 |  4.4
Short Blades   | 3 6 8 |  8.0
Conjurations   | 4 |  4.7
Summonings     | 4 |  4.6
Dodging        | |  1.5
Stealth        | |  2.4

Action                   |  1- 3 |  4- 6 |  7- 9 | 10-12 | 13-15 || total
-------------------------+-------+-------+-------+-------+-------++-------
Melee: Unarmed           |    23 |    22 |       |     5 |       ||    50
       Bite              |     8 |    34 |    80 |    88 |   207 ||   417
       Spear             |       |    51 |   105 |       |       ||   156
       Dagger            |       |    16 |       |       |       ||    16
       Punch             |       |     2 |     3 |     1 |       ||     6
       Trident           |       |       |   124 |    66 |       ||   190
       Pair of quick bla |       |       |       |   176 |   412 ||   588
 Cast: Sting             |    28 |    52 |    39 |    10 |     6 ||   135
       Poisonous Vapours |     1 |    15 |    25 |    32 |    71 ||   144
       Olgreb's Toxic Ra |       |       |     3 |    34 |    47 ||    84
       Mephitic Cloud    |       |       |       |     1 |       ||     1
       Lesser Beckoning  |       |       |       |       |    18 ||    18
       Blink             |       |       |       |       |     1 ||     1
Invok: Temporal Distorti |       |       |       |       |     6 ||     6
       Step From Time    |       |       |       |       |     1 ||     1
       Slouch            |       |       |       |       |     1 ||     1
Evoke: Wand              |       |       |     5 |     3 |     4 ||    12
  Use: Scroll            |       |     6 |     4 |     9 |    11 ||    30
       Potion            |       |       |     1 |     1 |     1 ||     3
 Stab: Distracted        |       |       |     1 |       |       ||     1
       Paralysed         |       |       |     7 |       |       ||     7
       Sleeping          |       |       |     2 |     5 |     2 ||     9
Armor: Robe              |     9 |    46 |    53 |       |       ||   108
       Steam dragon scal |       |       |       |    79 |   102 ||   181
Dodge: Dodged            |    23 |    85 |   145 |   144 |   193 ||   590

Table legend: (Time is in decaauts)
 A = Elapsed time spent in this place.
 B = Non-inter-level travel time spent in this place.
 C = Inter-level travel time spent in this place.
 D = Time resting spent in this place.
 E = Time spent auto-exploring this place.
 F = Levels seen in this place.
 G = Mean time per level.
                   A        B        C        D        E       F      G
               +--------+--------+--------+--------+--------+-----+--------+
         Total |  12923 |  11710 |   1213 |      0 |      0 |  21 |  615.4 |
       Dungeon |   6119 |   5607 |    512 |      0 |      0 |  11 |  556.3 |
          Lair |   4712 |   4013 |    699 |      0 |      0 |   6 |  785.3 |
        Shoals |   1641 |   1641 |      0 |      0 |      0 |   3 |  547.0 |
       Ossuary |    449 |    449 |      0 |      0 |      0 |   1 |  449.0 |
               +--------+--------+--------+--------+--------+-----+--------+

Top non-repeatable levels by time:
    D:10: 1292 daAuts
Shoals:1: 1289 daAuts
  Lair:6: 1172 daAuts
     D:6: 1023 daAuts
  Lair:2: 924 daAuts
  Lair:5: 834 daAuts
  Lair:3: 782 daAuts
     D:7: 666 daAuts
  Lair:4: 646 daAuts
     D:8: 627 daAuts
     D:4: 626 daAuts
     D:9: 534 daAuts
     D:5: 507 daAuts
 Ossuary: 449 daAuts
     D:3: 391 daAuts
